 Dungeon Crawl Stone Soup version 0.31-a0-1549-g5ff9445e89 (webtiles) character file.

Game seed: 10276280431004646937

109 jlumianski the Ruffian (level 4, -2/34 HPs)
             Began as a Gnoll Shapeshifter on Jan 3, 2024.
             Slain by an orc priest
             ... wielding a +0 hand axe
              (6 damage)
             ... on level 3 of the Dungeon.
             The game lasted 00:08:23 (1534 turns).

jlumianski the Ruffian (Gnoll Shapeshifter)         Turns: 1534, Time: 00:08:24

Health: -2/34      AC:  3    Str: 15    XL:     4   Next: 90%
Magic:  5/6        EV: 13    Int:  9    God:
Gold:   157        SH:  0    Dex: 12    Spells: 5/5 levels left

rFire   . .          .
                       - Unarmed
rCold   . . .        (no shield)
rNeg    . . .        h - +0 leather armour
rPois   .            (helmet currently unavailable)
rElec   .            (cloak currently unavailable)
rCorr   .            (gloves currently unavailable)
SInv    .            (boots currently unavailable)
Will    .....        (no amulet)
Stlth   +            (no ring)
HPRegen 0.25/turn    (no ring)
MPRegen 0.10/turn

%: no passive effects
@: beast-form
A: beast (slay +3), fangs 1, strong nose, distributed training
a: Begin Untransformation


You were on level 3 of the Dungeon.
You were a hulking beast.
You visited 1 branch of the dungeon, and saw 4 of its levels.

You collected 157 gold pieces.

Inventory:

Missiles
 f - 14 poisoned darts (quivered)
Armour
 a - a +0 animal skin
 h - a +0 leather armour (worn)
Talismans
 c - a beast talisman
 d - a flux talisman
 l - the serpent talisman of Dishonesty {Fly rElec}
   (You found it on level 2 of the Dungeon)

   [serpent talisman]

   rElec:     It insulates you from electricity.
   Fly:       It grants you flight.
Scrolls
 g - a scroll of noise {unknown}
 m - 2 scrolls of immolation {unknown}
Potions
 b - 3 potions of lignification
 e - 3 potions of magic {unknown}
 i - a potion of brilliance {unknown}
 j - 2 potions of heal wounds {unknown}
 k - a potion of resistance {unknown}


   Skills:
 + Level 2.9 Fighting
 + Level 1.3 Short Blades
 + Level 1.3 Long Blades
 + Level 1.3 Axes
 + Level 1.3 Maces & Flails
 + Level 1.3 Polearms
 + Level 1.3 Staves
 + Level 1.3 Ranged Weapons
 + Level 1.3 Throwing
 + Level 1.3 Armour
 + Level 4.7 Dodging
 + Level 1.3 Stealth
 + Level 1.3 Shields
 + Level 6.6 Unarmed Combat
 + Level 1.3 Spellcasting
 + Level 1.1 Conjurations
 + Level 1.1 Hexes
 + Level 1.1 Summonings
 + Level 1.1 Necromancy
 + Level 1.1 Translocations
 + Level 1.1 Fire Magic
 + Level 1.1 Ice Magic
 + Level 1.1 Air Magic
 + Level 1.1 Earth Magic
 + Level 1.1 Alchemy
 + Level 1.5 Invocations
 + Level 1.3 Evocations
 + Level 6.6 Shapeshifting


You had 5 spell levels left.
You didn't know any spells.
Your spell library contained the following spells:

 Spells                   Type           Power      Damage    Failure   Level
 Apportation              Tloc           4%         N/A       28%         1
 Necrotise                Necr           8%         1d4       28%         1
 Sting                    Conj/Alch      8%         1d3       28%         1
 Summon Small Mammal      Summ           8%         N/A       28%         1
 Call Imp                 Summ           4%         N/A       38%         2
 Sublimation of Blood     Necr           2%         N/A       38%         2
 Fugue of the Fallen      Necr           2%         N/A       63%         3
 Ozocubu's Armour         Ice            2%         N/A       63%         3
 Manifold Assault         Tloc           2%         N/A       95%         4
 Summon Hydra             Summ           1%         N/A       100%        7


Dungeon Overview and Level Annotations

Branches:
Dungeon (4/15)
 Temple: D:4-7

Altars:

Shops:
D:1 =


Innate Abilities, Weirdness & Mutations

You are a hulking beast.
Your limbs bulge with bestial killing power. (Slay +3)
You have very sharp teeth.
Your uncanny sense of smell can sniff out nearby items.
Your experience applies equally to all skills.


Message History

You hit the bat.
You kill the bat!
You see here a bat corpse.
An adder comes into view.
The adder hisses angrily.
You hit the adder but do no damage. You punch the adder.
The adder is moderately wounded.
The adder barely misses you.
You hit the adder. Your bite misses the adder.
The adder is severely wounded.
The adder bites you but does no damage.
You hit the adder.
You kill the adder!
Found an escape hatch in the ceiling.
A rat comes into view.
You hit the rat.
You kill the rat!
You see here a rat corpse.
There is a stone staircase leading up here.
An orc priest and 2 orcs come into view.
An orc is wielding a +0 short sword and wearing a +1 leather armour of fire resistance.
The orc shouts!
The orc priest shouts!
The orc shouts!
The orc priest mumbles some strange prayers to Beogh against you.
Beogh smites you! The orc closely misses you.
You barely miss the orc. The orc completely misses you.
You barely miss the orc. The orc hits you with a +0 flail.
You hit the orc.
You kill the orc!
You barely miss the orc priest. The orc priest closely misses you.
You punch the orc priest! Your punch misses the orc priest.
Your bite misses the orc priest.
The orc priest is heavily wounded.
The orc priest invokes the aid of Beogh against you.
Beogh smites you!
* * * LOW HITPOINT WARNING * * *
You closely miss the orc priest.
The orc priest is heavily wounded.
The orc priest hits you with a +0 hand axe.
You die...

# #.#
####.#########
...#..........
##.##<######## ###
##.##.### #..
........# #.#
##.##.### #o#
##.##.# #o#
.....>##########h#
#................#
#####.##########.#
#.# #.# ### ###


You could see an orc priest and an orc.

Vanquished Creatures
  A bombardier beetle (D:3)
  2 adders
  A ribbon worm (D:2)
  2 dart slugs (D:1)
  An orc (D:3)
  2 ball pythons (D:1)
  3 endoplasms
  4 giant cockroaches (D:2)
  4 goblins
  5 hobgoblins
  6 jackals
  A quokka (D:2)
  4 bats
  3 frilled lizards
  5 kobolds
  8 rats
52 creatures vanquished.

Notes
Turn   | Place    | Note
-------+----------+-------------------------------------------
     0 | D:1      | jlumianski the Gnoll Shapeshifter began the quest for the
                  | Orb.
     0 | D:1      | Reached XP level 1. HP: 17/17 MP: 1/1
   112 | D:1      | Reached XP level 2. HP: 23/23 MP: 2/2
   452 | D:2      | Reached XP level 3. HP: 28/28 MP: 3/3
   759 | D:1      | Found Ukireall's Jewellery Boutique.
   776 | D:1      | Reached skill level 1 in Invocations
   883 | D:2      | Reached skill level 1 in Short Blades
   883 | D:2      | Reached skill level 1 in Long Blades
   883 | D:2      | Reached skill level 1 in Axes
   883 | D:2      | Reached skill level 1 in Maces & Flails
   883 | D:2      | Reached skill level 1 in Polearms
   883 | D:2      | Reached skill level 1 in Staves
   883 | D:2      | Reached skill level 1 in Ranged Weapons
   883 | D:2      | Reached skill level 1 in Throwing
   883 | D:2      | Reached skill level 1 in Armour
   883 | D:2      | Reached skill level 1 in Stealth
   883 | D:2      | Reached skill level 1 in Shields
   883 | D:2      | Reached skill level 1 in Spellcasting
   883 | D:2      | Reached skill level 1 in Evocations
   947 | D:2      | Identified the serpent talisman of Dishonesty {Fly rElec}
  1030 | D:1      | Reached XP level 4. HP: 34/34 MP: 5/5
  1373 | D:3      | Reached skill level 1 in Conjurations
  1373 | D:3      | Reached skill level 1 in Hexes
  1373 | D:3      | Reached skill level 1 in Summonings
  1373 | D:3      | Reached skill level 1 in Necromancy
  1373 | D:3      | Reached skill level 1 in Translocations
  1373 | D:3      | Reached skill level 1 in Fire Magic
  1373 | D:3      | Reached skill level 1 in Ice Magic
  1373 | D:3      | Reached skill level 1 in Air Magic
  1373 | D:3      | Reached skill level 1 in Earth Magic
  1373 | D:3      | Reached skill level 1 in Alchemy
  1534 | D:3      | Slain by an orc priest

Illustrated notes

Levels and vault maps discovered:
D:1:      wander_arrival_lonely_grave, layout_loops_ring, serial_shops,
          nicolae_shop_window_shopping
D:2:      layout_basic, minmay_pentomino_x2
D:3:      layout_basic, mainiacjoe_overflow_divided_tiny
D:4:      layout_basic, nicolae_hepliaklqana_monster_ancestors,
          nicolae_kite_square_tiling_tiny, uniq_blork_the_orc

Skill      XL: |  1  2  3  4 |
---------------+-------------+-----
Invocations    | 1 |  1.5
Short Blades   | 1 |  1.3
Long Blades    | 1 |  1.3
Axes           | 1 |  1.3
Maces & Flails | 1 |  1.3
Polearms       | 1 |  1.3
Staves         | 1 |  1.3
Ranged Weapons | 1 |  1.3
Throwing       | 1 |  1.3
Armour         | 1 |  1.3
Stealth        | 1 |  1.3
Shields        | 1 |  1.3
Spellcasting   | 1 |  1.3
Evocations     | 1 |  1.3
Conjurations   | 1 |  1.1
Hexes          | 1 |  1.1
Summonings     | 1 |  1.1
Necromancy     | 1 |  1.1
Translocations | 1 |  1.1
Fire Magic     | 1 |  1.1
Ice Magic      | 1 |  1.1
Air Magic      | 1 |  1.1
Earth Magic    | 1 |  1.1
Alchemy        | 1 |  1.1
Fighting       | |  2.9
Dodging        | |  4.7
Unarmed Combat | |  6.6
Shapeshifting  | |  6.6

Action                     |  1- 3 |  4- 6 || total
---------------------------+-------+-------++-------
  Melee: Unarmed           |    69 |    40 ||   109
         Punch             |     3 |     1 ||     4
         Bite              |     7 |     3 ||    10
   Stab: Sleeping          |     1 |       ||     1
 Armour: Animal skin       |     7 |       ||     7
         Leather armour    |    18 |    17 ||    35
  Dodge: Dodged            |    35 |    23 ||    58

Table legend: (Time is in decaauts)
 A = Elapsed time spent in this place.
 B = Non-inter-level travel time spent in this place.
 C = Inter-level travel time spent in this place.
 D = Time resting spent in this place.
 E = Time spent auto-exploring this place.
 F = Levels seen in this place.
 G = Mean time per level.
                   A        B        C        D        E       F      G
               +--------+--------+--------+--------+--------+-----+--------+
         Total |   1524 |   1512 |     12 |      0 |    631 |   4 |  381.0 |
       Dungeon |   1524 |   1512 |     12 |      0 |    631 |   4 |  381.0 |
               +--------+--------+--------+--------+--------+-----+--------+

Top non-repeatable levels by time:
     D:1: 799 daAuts
     D:2: 496 daAuts
     D:3: 218 daAuts
     D:4: 10 daAuts
